AoeStats
← FexMaya

Arabia

509243703Analyzed
1v1 RM · 7d ago on Sep 26, 2026· 52m 50s· 2 players
Game mode
Random Map
Map size
Tiny (2 player)
Population
200
Speed
Normal
Resources
Standard
Victory
Conquest
Starting age
Dark Age
Ending age
Imperial Age
RankedLock teamsTeams togetherTeam positionsShared explorationLock speedFull tech treeHidden civsTurbo modeCheats
Victory
Defeat
🇬🇹 Maya · Guatemala
818
+15
🇦🇷 Tatars · Argentina
788
-15
afcuellarj
8:02 Loom
8:14 Loom
11:04 Feudal Age
11:55 Double-Bit Axe
15:32 Forging
15:55 Scale Barding Armor
19:10 Fletching
19:21 Padded Archer Armor
26:27 Castle Age
24:42 Gold Mining
26:44 Bloodlines
26:31 Elite Skirmisher
27:31 Husbandry
29:02 Stone Mining
29:51 Wheelbarrow
30:00 Bow Saw
31:52 Bodkin Arrow
33:39 Light Cavalry
44:53 Imperial Age
43:05 Ballistics
46:12 Conscription
FexMaya
0:38 Loom
10:32 Feudal Age
16:57 Double-Bit Axe
16:55 Horse Collar
22:15 Castle Age
22:15 Fletching
22:36 Forging
22:22 Crossbowman
23:07 Thumb Ring
22:25 Eagle Warrior
23:51 Squires
24:41 Gold Mining
24:56 Heavy Plow
27:51 Town Watch
29:51 Fervor
31:37 Town Patrol
32:12 Wheelbarrow
31:46 Pikeman
35:38 Iron Casting
34:58 Bodkin Arrow
34:53 Arson
36:17 Thumb Ring
41:31 Imperial Age
43:04 Elite Plumed Archer
43:12 Capped Ram
44:45 Elite Skirmisher
51:51 Holcans
50:45 Elite Eagle Warrior
Connection lost

Rejoining the realm…

Still unreachable

The connection could not be restored.

Session expired

The server has moved on; the page needs a fresh start.